 Dungeon Crawl Stone Soup version 0.31-a0-506-g3d79149578 (webtiles) character file.

Game seed: 5350474627819019115

2314 GordonOverkill the Magician (level 9, -8/56 HPs)
             Began as an Octopode Delver on Aug 9, 2023.
             Mangled by Joseph
             ... wielding a +1 quarterstaff of speed
              (19 damage)
             ... on level 7 of the Dungeon.
             The game lasted 00:07:34 (2373 turns).

GordonOverkill the Magician (Octopode Delver)       Turns: 2373, Time: 00:07:35

Health: -8/56      AC:  1    Str: 14    XL:     9   Next: 41%
Magic:  20/20      EV: 13    Int: 19    God:
Gold:   153        SH:  0    Dex: 13    Spells: 23/23 levels left

rFire   . . .        k - +12 dire flail of the Pits of Slime {flame, Str+2 Int+3}
rCold   . . .        (shield currently unavailable)
rNeg    . . .        (helmet restricted)
rPois   .            e - amulet of regeneration
rElec   .            n - ring of willpower
rCorr   .            (no ring)
SInv    .            (no ring)
Will    +....        (no ring)
Stlth   ++++         (no ring)
HPRegen 1.09/turn    (no ring)
MPRegen 0.17/turn    (no ring)
                     (no ring)

%: no passive effects
@: no status effects
A: almost no armour, amphibious, 8 rings, camouflage 1, gelatinous body 1,
(nimble swimmer 1), tentacles
a: no special abilities


You were on level 7 of the Dungeon.
You visited 2 branches of the dungeon, and saw 7 of its levels.

You collected 153 gold pieces.

Inventory:

Hand Weapons
 a - a +0 short sword
 d - a +4 short sword
 k - the +12 dire flail of the Pits of Slime (weapon) {flame, Str+2 Int+3}
   (You found it on level 8 of the Dungeon)

   Str+2:     It affects your strength (+2).
   Int+3:     It affects your intelligence (+3).
Missiles
 i - 3 poisoned darts (quivered)
Jewellery
 e - an amulet of regeneration (around mantle)
 n - a ring of willpower (left tentacle)
Wands
 f - a wand of digging (3)
 h - a wand of iceblast (3)
 l - a wand of flame (21)
Scrolls
 b - a scroll of fog
 c - a scroll of revelation
 g - 2 scrolls of enchant armour {unknown}
 j - a scroll of identify {unknown}
 p - a scroll of summoning {unknown}
Potions
 m - a potion of heal wounds {unknown}
 o - a potion of magic {unknown}


   Skills:
 - Level 3.0 Fighting
 - Level 5.0 Short Blades
 + Level 6.7 Maces & Flails
 - Level 1.0 Throwing
 - Level 2.0 Dodging
 - Level 6.6 Stealth
 - Level 7.7 Spellcasting
 - Level 3.0 Evocations


You had 23 spell levels left.
You didn't know any spells.
Your spell library contained the following spells:

 Spells                   Type           Power      Damage    Failure   Level
 Sting                    Tmut/Pois      28%        1d4       10%         1
 Poisonous Vapours        Pois/Air       14%        N/A       14%         2
 Olgreb's Toxic Radiance  Pois           7%         N/A       67%         4


Dungeon Overview and Level Annotations

Branches:
Dungeon (10/15)            Temple (1/1) D:7
   Lair: D:8-11         Orc: D:9-12

Altars:
Cheibriados
Kikubaaqudgha
Nemelex Xobeh
Okawaru
Qazlal
Ru
Sif Muna
Wu Jian
Xom
Zin
The Shining One

Annotations:
D:7 Joseph
D:8 exclusion: downstairs
D:9 exclusions: downstairs and upstairs


Innate Abilities, Weirdness & Mutations

You cannot wear most types of armour.
You are amphibious.
You can wear up to eight rings at the same time.
Your skin changes colour to match your surroundings (Stealth+).
Your rubbery body absorbs attacks. (AC +1, EV +1)
((You are camouflaged when in or above water. (Stealth+)))
You have tentacles for arms and can constrict up to eight enemies at once.


Message History

Your grab misses the water moccasin. Your squeeze misses the water moccasin.
The water moccasin bites you!
You are poisoned.
The water moccasin poisons you!
You impale the water moccasin!! You burn the water moccasin.
Your grab misses the water moccasin.
The water moccasin is almost dead.
You feel very sick. The water moccasin bites you.
You are too injured to fight recklessly!
You are too injured to fight recklessly!
You are too injured to fight recklessly!
You hit the water moccasin. You burn the water moccasin.
You kill the water moccasin!
You feel sick.
Joseph, a Mercenary comes into view.
He is wielding a +1 quarterstaff of speed.
You feel sick.
Joseph is nearby!
You feel sick.
You start resting.
You feel sick. x2
Joseph is nearby!
You feel sick.
Joseph hits you with a +1 quarterstaff of speed.
* * * LOW HITPOINT WARNING * * *
You puncture Joseph! You burn Joseph. You grab Joseph.
Joseph is moderately wounded.
You constrict Joseph.
You feel sick. Joseph barely misses you.
You hit Joseph. You burn Joseph.
Joseph is moderately wounded.
You constrict Joseph, but do no damage.
You feel sick.
You are no longer poisoned.
Joseph misses you.
Joseph hits you with a +1 quarterstaff of speed!!
* * * LOW HITPOINT WARNING * * *
Okay, then.
You bludgeon Joseph!! You burn Joseph!
Joseph is severely wounded.
You constrict Joseph.
Joseph hits you with a +1 quarterstaff of speed!!
You die...

.... #. # .. .#
#. #.# #. #.# #
#. #.# .# # #.
##.##.#.#
#@####........
#.#.@..........#
#.........#.#
#..######.#.#
#.. ##.#.# #.
#....# #..
###....##
#..###.......#
#............#
#...........####


You could see Joseph.

Vanquished Creatures
  A two-headed ogre (D:8)
  Prince Ribbit (D:7)
  A shadow (D:7)
  A wyvern (D:7)
  Menkaure (D:7)
  A water moccasin (D:7)
  A black bear (D:7)
  A sky beast (D:6)
  A bullfrog (D:8)
  A kobold brigand (D:6)
  5 wights (D:9)
  5 killer bees
  A howler monkey (D:7)
  An orc priest (D:8)
  A jelly (D:7)
  An iguana (D:6)
  2 orc wizards
  A sleepcap (D:8)
  An adder (D:6)
  2 shadow imps
  4 orcs
  A bat zombie (D:7)
  2 jackals
  A quokka (D:5)
  9 kobolds
  3 rat zombies (D:7)
50 creatures vanquished.

Notes
Turn   | Place    | Note
-------+----------+-------------------------------------------
     0 | D:5      | GordonOverkill the Octopode Delver began the quest for the
                  | Orb.
     0 | D:5      | Reached XP level 1. HP: 16/16 MP: 1/1
    27 | D:5      | Noticed a jelly
    48 | D:6      | Noticed a kobold brigand
    59 | D:6      | Noticed an iguana
   152 | D:5      | Reached skill level 1 in Spellcasting
   154 | D:5      | Reached XP level 2. HP: 21/21 MP: 3/3
   159 | D:6      | Noticed a sky beast
   175 | D:6      | Reached skill level 1 in Evocations
   191 | D:6      | Killed a sky beast
   192 | D:6      | Reached skill level 2 in Spellcasting
   192 | D:6      | Reached XP level 3. HP: 26/26 MP: 5/7
   192 | D:6      | Reached XP level 4. HP: 31/31 MP: 5/8
   207 | D:6      | Killed a kobold brigand
   208 | D:6      | Reached skill level 3 in Spellcasting
   208 | D:6      | Reached XP level 5. HP: 25/36 MP: 6/10
   365 | D:6      | Reached skill level 4 in Spellcasting
   521 | D:7      | Noticed a wyvern
   523 | D:7      | Killed a wyvern
   524 | D:7      | Reached skill level 1 in Throwing
   524 | D:7      | Reached skill level 5 in Spellcasting
   524 | D:7      | Reached XP level 6. HP: 42/42 MP: 11/13
   530 | D:7      | Noticed Menkaure
   533 | D:8      | Noticed a two-headed ogre
   538 | D:8      | Killed a two-headed ogre
   539 | D:8      | Reached skill level 5 in Short Blades
   539 | D:8      | Reached skill level 6 in Spellcasting
   539 | D:8      | Reached XP level 7. HP: 14/46 MP: 13/16
   539 | D:8      | Reached XP level 8. HP: 16/52 MP: 13/17
  1104 | D:9      | Reached skill level 7 in Spellcasting
  1456 | D:10     | Entered Level 10 of the Dungeon
  1456 | D:10     | Noticed a yak
  1456 | D:10     | Noticed a yak
  1704 | D:9      | Noticed a shadow
  1844 | D:8      | Identified the +12 dire flail of the Pits of Slime {flame,
                  | Str+2 Int+3}
  1880 | D:8      | Reached skill level 1 in Maces & Flails
  2166 | D:7      | Killed Menkaure
  2167 | D:7      | Reached XP level 9. HP: 56/56 MP: 20/20
  2194 | D:7      | Found an ancient bone altar of Kikubaaqudgha.
  2239 | D:7      | Reached skill level 5 in Maces & Flails
  2250 | D:7      | Found a staircase to the Ecumenical Temple.
  2264 | D:7      | Noticed Prince Ribbit
  2269 | D:7      | Killed Prince Ribbit
  2284 | Temple   | Entered the Ecumenical Temple
  2366 | D:7      | Noticed Joseph
  2373 | D:7      | Mangled by Joseph

Illustrated notes

Levels and vault maps discovered:
D:5:      layout_basic
D:6:      layout_loops_ring, grunt_dithmenos_smoke, mainiacjoe_overflow_catwalk,
          minmay_holes, kennysheep_generic_room_5, uniq_maggie, uniq_grinder
D:7:      layout_loops_ring, lemuel_zombie_altar_kikubaaqudgha,
          minmay_temple_entry_steel_oval, serial_shops, nicolae_square_shop,
          kennysheep_potato, uniq_prince_ribbit1, uniq_joseph, uniq_menkaure
D:8:      layout_rooms
D:9:      layout_long_grid, amcnicky_altar_gilded,
          mainiacjoe_overflow_two_lobes, minmay_unpleasant_kobolds,
          uniq_jeremiah, uniq_erolcha
D:10:     layout_loops_ring, bloody_trog, cheibrodos_ashenzari_chains,
          hive_lemuel
Temple:   compressed_dpeg_circular_temple

Skill      XL: |  1  2  3  4  5  6  7  8  9 |
---------------+----------------------------+-----
Spellcasting   | 1 2 3 5 6 7 |  7.7
Evocations     | 3 |  3.0
Throwing       | 1 |  1.0
Short Blades   | 5 |  5.0
Maces & Flails | 4 6 |  6.7
Fighting       | |  3.0
Dodging        | |  2.0
Stealth        | |  6.6

Action                     |  1- 3 |  4- 6 |  7- 9 || total
---------------------------+-------+-------+-------++-------
  Melee: Short sword       |     9 |    19 |    42 ||    70
         Constrict         |     3 |     5 |    14 ||    22
         Tentacles         |     2 |     5 |    14 ||    21
         Dire flail        |       |       |    33 ||    33
  Throw: Dart              |       |       |     5 ||     5
  Evoke: Wand              |     2 |     6 |     4 ||    12
    Use: Scroll            |     1 |       |       ||     1
         Potion            |       |       |     1 ||     1
   Stab: Sleeping          |     3 |     2 |     3 ||     8
 Armour: Skin              |       |     1 |     2 ||     3
  Dodge: Dodged            |    12 |     9 |    41 ||    62

Table legend: (Time is in decaauts)
 A = Elapsed time spent in this place.
 B = Non-inter-level travel time spent in this place.
 C = Inter-level travel time spent in this place.
 D = Time resting spent in this place.
 E = Time spent auto-exploring this place.
 F = Levels seen in this place.
 G = Mean time per level.
                   A        B        C        D        E       F      G
               +--------+--------+--------+--------+--------+-----+--------+
         Total |   2344 |   2295 |     49 |    783 |    244 |   7 |  334.9 |
       Dungeon |   2342 |   2293 |     49 |    783 |    244 |   6 |  390.3 |
        Temple |      1 |      1 |      0 |      0 |      0 |   1 |    1.0 |
               +--------+--------+--------+--------+--------+-----+--------+

Top non-repeatable levels by time:
     D:9: 990 daAuts
     D:8: 608 daAuts
     D:7: 350 daAuts
     D:6: 266 daAuts
     D:5: 126 daAuts
    D:10: 1 daAuts
  Temple: 1 daAuts
